 Dungeon Crawl Stone Soup version 0.26.0-45-g9c1d065592 (webtiles) character file.

Game seed: 8924317580354669311

192254 Majorwet the Wrestler (level 18, -5/135 (143) HPs)
             Began as a Demonspawn Berserker on Jan 28, 2021.
             Was a High Priest of Trog.
             Shot with an arrow by a deep elf master archer (16 damage)
             ... on level 3 of the Elven Halls on Jan 29, 2021.
             The game lasted 03:10:04 (35715 turns).

Majorwet the Wrestler (Demonspawn Berserker)       Turns: 35715, Time: 03:10:05

HP:   -5/135 (143)  AC: 32    Str: 23    XL:     18   Next: 3%
MP:   18/18         EV: 16    Int:  8    God:    Trog [*****.]
Gold: 3027          SH: 14    Dex: 21    Spells: 17/17 levels left

rFire    + . .     SeeInvis .     - Unarmed
rCold    + . .     Faith    .   G - +2 buckler
rNeg     . . .     Spirit   .   v - +9 chain mail "Udec" {rElec Slay+2}
rPois    .         Reflect  +   W - +2 helmet
rElec    +         Harm     .   N - +2 cloak
rCorr    .         Rampage  .   k - +0 pair of gloves (curse)
Will     +++..                  (boots unavailable)
Stlth    ..........             e - amulet of reflection
HPRegen  0.32/turn              x - ring of Natuf {rElec rC+ Will++ Int-3 Dex+6}
MPRegen  0.16/turn              X - ring "Riususe" {EV+4 Dex+2 Stlth+}

@: about to teleport, very slightly contaminated, drained, invisible
A: talons 3, slimy green scales 2, blink, demonic guardian 1, fire resistance 1,
powered by death 2
a: Blink, Renounce Religion, Berserk, Trog's Hand, Brothers in Arms


You were on level 3 of the Elven Halls.
You worshipped Trog.
Trog was extremely pleased with you.
You visited 6 branches of the dungeon, and saw 30 of its levels.
You also visited: Bailey.

You collected 3860 gold pieces.
You spent 833 gold pieces at shops.

Inventory:

Armour
 k - a cursed +0 pair of gloves (worn)
 q - +0 swamp dragon scales
 v - the +9 chain mail "Udec" (worn) {rElec Slay+2}
   (You found it on level 6 of the Dungeon)

   It affects your accuracy and damage with ranged weapons and melee attacks
   (+2).
   It insulates you from electricity.
 G - a +2 buckler (worn)
 J - +0 fire dragon scales
 N - a +2 cloak (worn)
 Q - +0 acid dragon scales
 W - a +2 helmet (worn)
Jewellery
 e - an amulet of reflection (around neck)
 x - the ring of Natuf (left hand) {rElec rC+ Will++ Int-3 Dex+6}
   (You acquired it on level 5 of the Lair of Beasts)

   [ring of dexterity]

   It affects your intelligence (-3).
   It affects your dexterity (+6).
   It protects you from cold.
   It insulates you from electricity.
   It affects your willpower, your defense against some magical effects.
 U - an uncursed amulet of the acrobat
 X - the ring "Riususe" (right hand) {EV+4 Dex+2 Stlth+}
   (You found it on level 3 of the Lair of Beasts)

   [ring of evasion]

   It affects your evasion (+4).
   It affects your dexterity (+2).
   It makes you more stealthy.
Wands
 u - a wand of acid (17)
 A - a wand of random effects (12)
 K - a wand of flame (10)
 M - a wand of paralysis (11)
 R - a wand of enslavement (3)
 V - a wand of digging (18)
Scrolls
 d - 14 scrolls of teleportation
 h - 6 scrolls of noise
 j - 7 scrolls of magic mapping
 l - 3 scrolls of holy word {unknown}
 m - 7 scrolls of remove curse
 p - 4 scrolls of amnesia {unknown}
 r - 6 scrolls of enchant armour
 s - 2 scrolls of vulnerability
 y - a scroll of brand weapon
 z - 5 scrolls of fog
 E - 4 scrolls of enchant weapon
 I - a scroll of torment {unknown}
 P - a scroll of blinking
 S - a scroll of identify
 T - 2 scrolls of immolation
 Z - a scroll of silence
Potions
 a - 8 potions of attraction
 b - 2 potions of brilliance
 c - 5 potions of invisibility
 g - 2 potions of curing
 i - 7 potions of mutation
 n - 5 potions of ambrosia
 o - 2 potions of haste
 t - 3 potions of berserk rage {unknown}
 w - 2 potions of resistance
 C - 5 potions of might
 H - 3 potions of lignification
 L - 6 potions of flight
 O - 5 potions of cancellation {unknown}
Miscellaneous
 D - a condenser vane
 Y - a box of beasts (inert) (quivered)


   Skills:
 * Level 13.0 Fighting
 - Level 0.4 Short Blades
 + Level 11.5 Armour
 - Level 4.9 Dodging
 + Level 9.0 Shields
 + Level 21.0 Unarmed Combat
 * Level 9.0 Evocations


You had 17 spell levels left.
You didn't know any spells.
Your spell library contained the following spells:

 Spells                   Type           Power        Failure   Level
 Poisonous Vapours        Pois/Air       0%           98%         2
 Conjure Flame            Conj/Fire      0%           100%        3
 Mephitic Cloud           Conj/Pois/Air  0%           100%        3
 Freezing Cloud           Conj/Ice/Air   0%           100%        6


Dungeon Overview and Level Annotations

Branches:
Dungeon (14/15)            Temple (0/1) D:7            Lair (6/6) D:10
  Swamp (4/4) Lair:4        Snake (0/4) Lair:3        Slime (1/5) Lair:6
    Orc (2/2) D:9             Elf (3/3) Orc:2        Vaults (0/5) D:13
 Bailey (visited)

Altars:
Ashenzari
Cheibriados
Fedhas
Gozag
Hepliaklqana
Makhleb
Nemelex Xobeh
Qazlal
Ru
Trog
Uskayaw
Xom
Yredelemnul
Zin
The Shining One
Beogh
Jiyva
Lugonu

Shops:
D:10 :   Orc:1 [   Orc:2 :}*(   Elf:1 *[(=(   Elf:2 !

Portals:
Abyss: D:3 Slime:1
Trove: D:14 (give 5 potions of resistance)

Annotations:
D:14 1 runed translucent door


Innate Abilities, Weirdness & Mutations

You have claws for feet.
You are mostly covered in slimy green scales. (AC +3)
A weak demonic guardian rushes to your aid.
Your flesh is heat resistant. (rF+)
You regenerate health from kills.
You can translocate small distances at will.


Message History

The deep elf master archer shoots an arrow.
The arrow barely misses your water elemental.
The arrow hits the earth elemental!
The earth elemental barely misses you.
Your iron troll bites the earth elemental!
Your iron troll completely misses the earth elemental.
Your iron troll claws the earth elemental!
Your water elemental hits the earth elemental!
Your water elemental engulfs the earth elemental in water!
Your raiju bites the earth elemental.
Your raiju shocks the earth elemental.
The earth elemental completely resists.
Your mature weirdfire beast hits the earth elemental.
Your air elemental hits the earth elemental!
The deep elf demonologist mumbles some strange words.
Send 'em back where they came from!
Trog shields your ally from puny magic! x5
Your air elemental hits the earth elemental.
The deep elf master archer shoots an arrow.
The arrow completely misses your air elemental.
The arrow hits you!
You die...

#####.#.e##
#####E..
##eE#####
#####
#.EEeEE.#####
....#
###..eE.....#
....##
#.e'eEh.###
.....#
####E(5..##
.....##
#.EEE....#
).....#
#5HE@..##
.....##
##E.T.##
.....# #.E.##
....## ##E.##
....# ##.###
##+## ##.##
#.# ##.## #.#
##.## #.#
##.##


You could see a deep elf master archer, a deep elf sorcerer, 2 deep elf
elementalists, a deep elf demonologist, 14 earth elementals, a friendly iron
troll (summoned, berserk), a friendly mature weirdfire beast (summoned), a
friendly water elemental (summoned), a friendly raiju shaped shifter (summoned),
a friendly air elemental (summoned) and 2 friendly ufetubi.

Vanquished Creatures
  Mara (Swamp:4)
  Nikola (Swamp:3)
  Jorgrun (D:14)
  A deep elf master archer (Elf:3)
  2 deep elf blademasters (Elf:3)
  Frances (D:14)
  Kirke (Swamp:3)
  Agnes (Elf:2)
  An orc warlord (Orc:2)
  2 deep elf sorcerers (Elf:3)
  2 deep elf elementalists (Elf:3)
  5 bunyips
  2 deep elf death magi (Elf:3)
  7 eleionomae
  A fire dragon (Lair:6)
  A deep elf high priest (Elf:3)
  A yaktaur captain (D:13)
  4 boulder beetles
  24 hydras
  2 ghost crabs
  A catoblepas (Lair:6)
  5 two-headed ogres
  12 alligators
  8 death yaks
  24 dancing weapons
  A tengu warrior (D:13)
  18 deep elf knights
  Urug (D:11)
  4 orc high priests (Orc:2)
  The ghost of
  112233 the Twirler, a novice DsGl of Qazlal (D:8)
  A goliath frog (Swamp:1)
  2 unseen horrors
  6 swamp dragons
  A wizard (D:13)
  A lindwurm (Lair:6)
  2 spriggan druids
  2 harpies (shapeshifter) (D:14)
  4 bog bodies
  A necromancer (D:11)
  8 deep elf archers
  7 orc knights
  36 deep elf magi
  An orc sorcerer (Orc:2)
  An oklob plant (Lair:4)
  2 will-o-the-wisps
  An ugly thing (D:13)
  A manticore (D:13)
  A centaur zombie (D:12)
  Maurice (Orc:2)
  2 elephants (Lair:6)
  8 torpor snails
  7 black mambas
  11 cane toads
  A gargoyle (D:11)
  10 rime drakes
  2 kobold demonologists (D:10)
  16 komodo dragons
  2 yaktaurs (D:13)
  A tengu conjurer (D:13)
  7 trolls
  3 polar bears
  10 hornets
  7 tyrant leeches
  5 blink frogs (Lair:3)
  2 dream sheep (Lair:6)
  Sigmund (D:3)
  5 spriggans
  A shadow (D:11)
  2 air elementals
  33 yaks
  2 fire elementals
  5 wyverns
  A small abomination (D:3)
  4 basilisks
  6 hogs (Swamp:3)
  15 vampire mosquitoes
  9 swamp worms
  A warg (Orc:2)
  2 acid dragons
  17 water moccasins
  2 ice beasts
  56 orc warriors
  2 sky beasts
  5 swamp drakes
  4 phantoms
  4 black bears
  2 necrophages
  13 ogres
  8 wolves
  4 centaurs
  3 big kobolds
  The ghost of ANNNA the Stinger, an amateur DEVM (D:3)
  18 bullfrogs
  5 earth elementals
  7 scorpions
  A water moccasin skeleton (D:8)
  12 killer bees
  14 wights
  2 howler monkeys (D:8)
  A crimson imp (D:13)
  A bullfrog zombie (D:11)
  A quasit (D:9)
  A gnoll shaman (D:6)
  8 hounds
  24 orc wizards
  6 centaur skeletons
  34 orc priests
  A jelly (D:5)
  A bullfrog skeleton (D:5)
  An iron imp (D:3)
  6 iguanas
  4 polar bear simulacra (D:11)
  7 worker ants
  6 wolf simulacra (D:11)
  A hound zombie (D:9)
  3 worker ant zombies
  7 gnolls
  16 adders
  2 river rats (D:14)
  3 shadow imps
  8 white imps
  3 ufetubi
  An ooze (D:2)
  2 adder skeletons
  2 worms (D:3)
  2 dart slugs
  6 leopard geckos
  128 orcs
  6 giant cockroaches
  A goblin (D:1)
  3 hobgoblins
  23 jackals
  3 quokkas
  3 ball pythons
  5 bats
  4 frilled lizards
  14 kobolds
  A leopard gecko skeleton (D:8)
  A quokka zombie (D:7)
  3 rats
  A river rat simulacrum (D:11)
930 creatures vanquished.

Vanquished Creatures (collateral kills)
  Louise (Swamp:3)
  The ghost of Adireryl the Fighter, a journeyman HOFi of Beogh (Lair:5)
  2 deep elf annihilators (Elf:3)
  3 bunyips
  2 eleionomae
  A deep elf death mage (Elf:3)
  An ice dragon (Lair:6)
  A ghost crab (Swamp:2)
  A catoblepas (Lair:6)
  An alligator (Swamp:3)
  4 hydras
  A two-headed ogre (Orc:2)
  A dancing weapon (Elf:2)
  3 death yaks
  A spriggan druid (Swamp:1)
  4 swamp dragons
  A goliath frog (Swamp:4)
  An orc knight (Bailey)
  2 orc sorcerers (Orc:2)
  A cane toad (Lair:6)
  A kobold demonologist (D:10)
  A rime drake (Lair:3)
  A komodo dragon (Lair:6)
  A troll (Orc:2)
  A tyrant leech (Swamp:4)
  3 hornets
  2 blink frogs (Lair:3)
  2 spriggans
  2 yaks (Lair:2)
  4 vampire mosquitoes
  A warg (Orc:2)
  An ice beast (D:5)
  2 water moccasins
  A swamp drake (Lair:6)
  9 orc warriors
  Blork the orc (D:4)
  A howler monkey (D:8)
  5 orc priests
  An iguana (Lair:6)
  A gnoll (D:6)
  An adder (D:2)
  19 orcs
  A hobgoblin (D:2)
  3 kobolds (D:5)
  A rat (D:2)
  A butterfly (D:7)
100 creatures vanquished.

Vanquished Creatures (others)
  A deep elf knight (Elf:3)
  A deep elf mage (Elf:3)
  2 bloated husks
  A spriggan (Swamp:1)
  A steam dragon (Lair:6)
  4 demonic plants (D:10)
  12 foxfires
  19 fungi
  A lurking horror (Slime:1)
  55 plants
  2 withered plants (Lair:5)
99 creatures vanquished.

Grand Total: 1129 creatures vanquished

Notes
Turn   | Place    | Note
-------+----------+-------------------------------------------
     0 | D:1      | Majorwet the Demonspawn Berserker began the quest for the
                  | Orb.
     0 | D:1      | Reached XP level 1. HP: 18/18 MP: 1/1
   705 | D:1      | Reached skill level 3 in Unarmed Combat
   796 | D:1      | Gained mutation: A weak demonic guardian rushes to your
                  | aid. [demonic ancestry]
   796 | D:1      | Reached XP level 2. HP: 23/24 MP: 2/2
  1182 | D:1      | HP: 1/24 [poisoned by an adder]
  1667 | D:2      | Reached XP level 3. HP: 18/29 MP: 3/3
  2520 | D:3      | Noticed a small abomination
  2610 | D:3      | Reached skill level 4 in Unarmed Combat
  2610 | D:3      | Gained mutation: You have sharp toenails. [demonic
                  | ancestry]
  2610 | D:3      | Reached XP level 4. HP: 22/35 MP: 4/4
  2611 | D:3      | Reached ** piety under Trog
  3072 | D:3      | Identified the cursed +1 whip of Tiat {distort, rPois rF-
                  | SInv}
  3072 | D:3      | Noticed a big kobold
  3108 | D:3      | Found a transporter.
  3119 | D:3      | Found a one-way gate to the infinite horrors of the Abyss.
  3119 | D:3      | Noticed ANNNA's ghost (amateur DEVM)
  3120 | D:3      | Found a transporter.
  3269 | D:3      | Reached XP level 5. HP: 41/41 MP: 5/5
  3278 | D:3      | Reached skill level 5 in Unarmed Combat
  3724 | D:3      | Noticed Sigmund
  3743 | D:3      | Killed Sigmund
  3744 | D:3      | Reached skill level 1 in Shields
  3744 | D:3      | Gained mutation: You regenerate a little health from kills.
                  | [demonic ancestry]
  3744 | D:3      | Reached XP level 6. HP: 14/48 MP: 6/6
  4215 | D:3      | Found a sacrificial altar of Ru.
  4336 | D:4      | Noticed Blork the orc
  4347 | D:4      | Killed Blork the orc
  4422 | D:4      | Reached skill level 6 in Unarmed Combat
  4422 | D:4      | Gained mutation: You are partially covered in slimy green
                  | scales. (AC +2) [demonic ancestry]
  4422 | D:4      | Reached XP level 7. HP: 54/54 MP: 7/7
  4424 | D:4      | Reached *** piety under Trog
  4698 | D:4      | Found a bloodstained altar of Trog.
  5006 | D:4      | Found a snail-covered altar of Cheibriados.
  5141 | D:5      | Entered Level 5 of the Dungeon
  5257 | D:5      | Reached skill level 7 in Unarmed Combat
  5442 | D:5      | Gained mutation: You have razor-sharp toenails. [demonic
                  | ancestry]
  5442 | D:5      | Reached XP level 8. HP: 42/61 MP: 8/8
  5687 | D:5      | Reached **** piety under Trog
  5827 | D:5      | Reached skill level 8 in Unarmed Combat
  6187 | D:6      | Reached skill level 5 in Fighting
  6221 | D:6      | Got an ancient chain mail
  6271 | D:6      | Identified the +9 chain mail "Udec" {rElec Slay+2} (You
                  | found it on level 6 of the Dungeon)
  6305 | D:6      | Reached skill level 9 in Unarmed Combat
  6305 | D:6      | Gained mutation: You regenerate health from kills. [demonic
                  | ancestry]
  6305 | D:6      | Reached XP level 9. HP: 67/68 MP: 9/9
  6386 | D:6      | Got a brightly glowing scale mail
  6397 | D:6      | Identified the cursed +0 scale mail "Laeloqer" {Harm
                  | Rampage Str-4 Int+6} (You found it on level 6 of the
                  | Dungeon)
  6716 | D:7      | Found a hazy altar of Hepliaklqana.
  6749 | D:7      | Found a flagged portal.
  6762 | Bailey   | Entered a bailey
  6957 | Bailey   | Noticed an orc knight
  6971 | Bailey   | Reached skill level 10 in Unarmed Combat
  6975 | Bailey   | Killed an orc knight
  7117 | Bailey   | Noticed an orc knight
  7120 | Bailey   | Noticed an orc knight
  7125 | Bailey   | Killed an orc knight
  7126 | Bailey   | Reached skill level 5 in Armour
  7127 | Bailey   | Noticed an orc knight
  7137 | Bailey   | Killed an orc knight
  7138 | Bailey   | Reached XP level 10. HP: 19/76 MP: 10/10
  7446 | D:7      | Found a blossoming altar of Fedhas.
  7642 | D:7      | Found a staircase to the Ecumenical Temple.
  7668 | D:7      | Reached skill level 11 in Unarmed Combat
  8358 | D:8      | Noticed a seven-headed hydra
  8363 | D:8      | Reached ***** piety under Trog
  8391 | D:8      | Killed a seven-headed hydra
  8431 | D:8      | Found a burning altar of Makhleb.
  8431 | D:8      | Noticed a rust devil
  8431 | D:8      | Noticed an orange demon
  8431 | D:8      | Noticed an orange demon
  8445 | D:8      | Noticed a rust devil
  8609 | D:8      | Noticed 112233's ghost (novice DsGl)
  8610 | D:8      | Found a runed translucent door.
  8754 | D:8      | Killed 112233's ghost
  9086 | D:9      | Found a hide-covered altar of Uskayaw.
  9110 | D:9      | Reached skill level 12 in Unarmed Combat
  9123 | D:9      | Found a bloodstained altar of Trog.
  9123 | D:9      | Found a shimmering altar of Xom.
  9124 | D:9      | Found a broken altar of Ashenzari.
  9125 | D:9      | Found a sparkling altar of Nemelex Xobeh.
  9125 | D:9      | Found a stormy altar of Qazlal.
  9126 | D:9      | Found a burning altar of Makhleb.
  9349 | D:9      | Received a gift from Trog
  9373 | D:9      | Found a staircase to the Orcish Mines.
  9634 | D:9      | Found a glowing silver altar of Zin.
  9819 | D:9      | Found a glowing golden altar of the Shining One.
  9836 | D:9      | Reached XP level 11. HP: 82/83 MP: 11/11
 10046 | Orc:1    | Entered Level 1 of the Orcish Mines
 10046 | Orc:1    | Noticed a two-headed ogre
 10051 | Orc:1    | Killed a two-headed ogre
 10060 | Orc:1    | Noticed an orc knight
 10115 | Orc:1    | Killed an orc knight
 10192 | Orc:1    | Found Peacat's Armour Emporium.
 10394 | Orc:2    | Entered Level 2 of the Orcish Mines
 10625 | Orc:2    | Reached skill level 13 in Unarmed Combat
 10781 | Orc:2    | Noticed an orc sorcerer
 10781 | Orc:2    | Noticed an orc sorcerer
 10800 | Orc:2    | Killed an orc sorcerer
 10806 | Orc:2    | Killed an orc sorcerer
 10930 | Orc:2    | Found a staircase to the Elven Halls.
 11020 | Orc:2    | Received a gift from Trog
 11058 | Orc:2    | Noticed an orc warlord
 11096 | Orc:2    | Killed an orc warlord
 11114 | Orc:2    | Reached skill level 14 in Unarmed Combat
 11153 | Orc:2    | Found a roughly hewn altar of Beogh.
 11161 | Orc:2    | Found Depesk's Weapon Shop.
 11162 | Orc:2    | Noticed an orc high priest
 11174 | Orc:2    | Killed an orc high priest
 11175 | Orc:2    | Reached XP level 12. HP: 65/92 MP: 12/12
 11334 | Orc:2    | Noticed an orc high priest
 11350 | Orc:2    | Killed an orc high priest
 11465 | Orc:2    | Found Honyfrik's Assorted Antiques.
 11475 | Orc:2    | Noticed an orc high priest
 11485 | Orc:2    | Killed an orc high priest
 11491 | Orc:2    | Bought a scroll labelled UKAROR SOLANO for 35 gold pieces
 11517 | Orc:2    | Noticed an orc high priest
 11530 | Orc:2    | Killed an orc high priest
 11578 | Orc:2    | Noticed Maurice
 11582 | Orc:2    | Killed Maurice
 11750 | Orc:2    | Found a roughly hewn altar of Beogh.
 11766 | Orc:2    | Found Meacumme's Book Boutique.
 11784 | Orc:2    | Found Suluurgh's Gadget Shop.
 11839 | Orc:2    | Received a gift from Trog
 11901 | Orc:2    | Noticed a two-headed ogre
 11905 | Orc:2    | Killed a two-headed ogre
 11906 | Orc:2    | Reached skill level 15 in Unarmed Combat
 12618 | D:10     | Entered Level 10 of the Dungeon
 12658 | D:10     | Found a corrupted altar of Lugonu.
 12861 | D:10     | Found Qomegi's Book Boutique.
 12974 | D:10     | Noticed a boulder beetle
 12987 | D:10     | Killed a boulder beetle
 13002 | D:10     | Got an ichor-stained long sword
 13006 | D:10     | Found a staircase to the Lair.
 13022 | D:10     | Found a basalt altar of Yredelemnul.
 13316 | Lair:1   | Entered Level 1 of the Lair of Beasts
 13956 | Lair:1   | Reached XP level 13. HP: 71/99 MP: 13/13
 14695 | Lair:2   | Reached skill level 16 in Unarmed Combat
 15237 | Lair:3   | Found a staircase to the Snake Pit.
 15406 | Lair:3   | Found a snail-covered altar of Cheibriados.
 15605 | Lair:3   | Got a scintillating tin ring
 15608 | Lair:3   | Identified the ring "Riususe" {EV+4 Dex+2 Stlth+} (You
                  | found it on level 3 of the Lair of Beasts)
 15911 | Lair:3   | Got a masterwork spear
 15912 | Lair:3   | Identified the +6 spear "Bafaoqov" {drain, *Contam rF+
                  | Dex+2} (You found it on level 3 of the Lair of Beasts)
 15924 | Lair:3   | Gained mutation: You can translocate small distances at
                  | will. [mutagenic glow]
 16363 | Lair:4   | Reached skill level 5 in Shields
 16508 | Lair:4   | Found a staircase to the Swamp.
 16888 | Lair:4   | Reached skill level 17 in Unarmed Combat
 17069 | Lair:5   | Found a runed translucent door.
 17069 | Lair:5   | Noticed Adireryl's ghost (journeyman HOFi)
 17366 | Lair:5   | Gained mutation: You are mostly covered in slimy green
                  | scales. (AC +3) [demonic ancestry]
 17366 | Lair:5   | Reached XP level 14. HP: 108/108 MP: 14/14
 18014 | Lair:5   | Killed Adireryl's ghost
 18031 | Lair:5   | Identified a scroll of acquirement
 18054 | Lair:5   | Acquired the ring of Natuf {rElec rC+ Will++ Int-3 Dex+6}
 18091 | Lair:6   | Entered Level 6 of the Lair of Beasts
 18145 | Lair:6   | Found a staircase to the Slime Pits.
 18146 | Lair:6   | Found a viscous altar of Jiyva.
 18222 | Lair:6   | Reached skill level 10 in Fighting
 18274 | Lair:6   | Found an opulent altar of Gozag.
 18464 | Lair:6   | Received a gift from Trog
 18716 | Lair:6   | Reached skill level 18 in Unarmed Combat
 18716 | Lair:6   | Reached skill level 1 in Evocations
 18996 | Lair:6   | Got an ivory arbalest
 20321 | D:11     | Noticed Urug
 20339 | D:11     | Killed Urug
 20519 | D:11     | Reached XP level 15. HP: 117/117 MP: 15/15
 20637 | D:11     | Received a gift from Trog
 21696 | D:12     | Got a bloodstained scythe
 21753 | D:12     | Identified the cursed +0 scythe of Darhiugh {freeze, *Rage
                  | Str+4 Int+2 Dex+2} (You found it on level 12 of the
                  | Dungeon)
 21755 | D:12     | Identified the cursed +2 arbalest of Cowardice {speed,
                  | rElec Str+6 Dex-4 Stlth+} (You found it on level 6 of the
                  | Lair of Beasts)
 22287 | Swamp:1  | Entered Level 1 of the Swamp
 22359 | Swamp:1  | Reached skill level 19 in Unarmed Combat
 22879 | Swamp:1  | Received a gift from Trog
 23539 | Swamp:2  | You fall into a shaft and drop 1 floor!
 23861 | Swamp:3  | Noticed Nikola
 23885 | Swamp:3  | Killed Nikola
 23886 | Swamp:3  | Reached skill level 10 in Armour
 24031 | Swamp:3  | Noticed Louise
 24050 | Swamp:3  | Killed Louise
 24051 | Swamp:3  | Reached skill level 5 in Evocations
 24492 | Swamp:3  | Found a sacrificial altar of Ru.
 24827 | Swamp:3  | Reached XP level 16. HP: 125/125 MP: 16/16
 24984 | Swamp:4  | Entered Level 4 of the Swamp
 24984 | Swamp:4  | Noticed Kirke
 25239 | Swamp:3  | Killed Kirke
 25702 | Swamp:2  | Got a warped steel ring
 25809 | Swamp:2  | Identified the ring "Dibofros" {rF- rC+ Int+5} (You found
                  | it on level 2 of the Swamp)
 26358 | D:3      | Killed ANNNA's ghost
 26754 | D:13     | Found a gate to the Vaults.
 27682 | Swamp:4  | Noticed Mara
 27691 | Swamp:4  | Noticed Majorwet's illusion
 27725 | Swamp:4  | Killed Mara
 27794 | Swamp:4  | Reached skill level 20 in Unarmed Combat
 28858 | Elf:1    | Entered Level 1 of the Elven Halls
 29094 | Elf:1    | Found Nabiv's Antique Weapon Shoppe.
 29188 | Elf:1    | Found Vudusaj's Weapon Boutique.
 29193 | Elf:1    | Found Tyggas Ruic's Jewellery Shop.
 29207 | Elf:1    | Found Ifuyrid's Antique Armour Boutique.
 29215 | Elf:1    | Bought a pair of gloves for 126 gold pieces
 29270 | Elf:1    | Found Edghanes's General Store.
 29815 | Elf:1    | Gained mutation: You have claws for feet. [demonic
                  | ancestry]
 29815 | Elf:1    | Reached XP level 17. HP: 122/133 MP: 17/17
 30141 | Elf:2    | Found Jomuzud's Distillery.
 30154 | Elf:2    | Bought a potion of heal wounds for 80 gold pieces
 30154 | Elf:2    | Bought a potion of heal wounds for 80 gold pieces
 30154 | Elf:2    | Bought a potion of haste for 160 gold pieces
 30154 | Elf:2    | Bought a potion of might for 64 gold pieces
 30154 | Elf:2    | Bought a potion of heal wounds for 80 gold pieces
 30154 | Elf:2    | Bought a potion of curing for 48 gold pieces
 30198 | Elf:2    | Bought a potion of resistance for 160 gold pieces
 30280 | Elf:2    | Found a runed translucent gate.
 30280 | Elf:2    | Found a runed translucent gate.
 30280 | Elf:2    | Found a runed translucent gate.
 30628 | Elf:2    | Noticed Agnes
 30639 | Elf:2    | Killed Agnes
 30702 | Elf:2    | Acquired 929 gold pieces
 32105 | D:14     | Found a portal to a secret trove of treasure.
 32154 | D:14     | Noticed Jorgrun
 32171 | D:14     | Killed Jorgrun
 32422 | D:14     | Noticed Frances
 32437 | D:14     | Killed Frances
 32486 | D:14     | Found a shimmering altar of Xom.
 32877 | D:14     | Found a runed translucent door.
 33546 | Slime:1  | Entered Level 1 of the Pits of Slime
 33554 | Slime:1  | Found a corrupted altar of Lugonu.
 33558 | Slime:1  | Noticed an acid blob
 33558 | Slime:1  | Noticed an acid blob
 33571 | Slime:1  | HP: 5/135 [acid (16)]
 34352 | Elf:3    | Entered Level 3 of the Elven Halls
 35224 | Elf:3    | Noticed a deep elf blademaster
 35238 | Elf:3    | Killed a deep elf blademaster
 35242 | Elf:3    | Noticed a deep elf master archer
 35245 | Elf:3    | Noticed a deep elf master archer
 35245 | Elf:3    | Noticed a deep elf blademaster
 35273 | Elf:3    | Killed a deep elf blademaster
 35592 | Elf:3    | Reached skill level 21 in Unarmed Combat
 35676 | Elf:3    | Killed a deep elf master archer
 35677 | Elf:3    | Gained mutation: Your flesh is heat resistant. (rF+)
                  | [demonic ancestry]
 35677 | Elf:3    | Reached XP level 18. HP: 93/143 MP: 18/18
 35707 | Elf:3    | HP: 3/135 [deep elf annihilator/poison arrow (39)]
 35715 | Elf:3    | Shot with an arrow by a deep elf master archer

Illustrated notes

Levels and vault maps discovered:
D:1:      onia_arrival_mini_maze_b, layout_basic, amethyst_killhole
D:2:      layout_rooms
D:3:      layout_basic, lemuel_coloured_pillars_altar,
          gammafunk_ghost_abyssal_escape, uniq_sigmund
D:4:      layout_cave_pools, general_overflow_altar, trog_book,
          uniq_blork_the_orc
D:5:      layout_basic
D:6:      layout_rooms
D:7:      layout_loops_cross, fedhas_ov_isle_minmay, nzn_hepliaklqana_mist_gate,
          minmay_temple_entry_butterflies, enter_bailey_2,
          minmay_tree_intersection
D:8:      layout_loops_ring, hellmonk_ghost_happy_afterlife,
          lemuel_hellish_altar
D:9:      layout_roguey, kennysheep_little_box, nicolae_tso_carved_into_rock,
          zin_statuary, grunt_temple_overflow_open, erik_orc_1
D:10:     kennysheep_kobold_lugonu_temple, layout_long_grid, lair_entry_dummy,
          basic_altar, serial_shops, nicolae_shop_stone, minmay_radiant
D:11:     layout_stronghold, eino_house_with_fridge, uniq_urug
D:12:     layout_big_octagon, serial_park, serial_park_avenue1,
          serial_park_tiny_1
D:13:     layout_long_grid, david_vaults_2, lightli_wizard_tower
D:14:     minmay_gate_of_8, layout_long_grid, nicolae_trove_entry_crystal,
          basic_altar, pond, uniq_jorgrun, uniq_frances
Lair:1:   layout_regular_city
Lair:2:   layout_cave_pods
Lair:3:   layout_big_grid, dummy_snake_entry, kennysheep_snail_temple,
          grunt_megastairs_3
Lair:4:   layout_roguey, minmay_swamp_entry_swarm
Lair:5:   cheibrodos_lair_overgrown_chateau, layout_regular_city,
          gammafunk_ghost_grave
Lair:6:   hangedman_lair_in_review, layout_long_grid, guppyfry_lair_end_dragon,
          slime_altar_1, basic_altar, bobbens_ice_dragon_lair
Swamp:1:  layout_basic_swamp, evilmike_swamp_ruin_rubble_2
Swamp:2:  layout_falls_marsh, evilmike_swamp_ruin_rubble_1,
          infiniplex_staircase_pool_2
Swamp:3:  layout_basic_swamp, lemuel_altar_in_water, infiniplex_staircase_pool,
          uniq_louise, uniq_nikola
Swamp:4:  swamp_alternative, layout_basic_swamp, swamp_pool1, uniq_mara,
          uniq_kirke
Slime:1:  layout_caves, amcnicky_altar_lugonu_corruption
Orc:1:    layout_caves, serial_shops, shop
Orc:2:    pubby_orc_utopia, serial_shops, uniq_maurice
Elf:1:    eino_elf_arrival_sip, layout_geoelf_diagonals, serial_shops, shop,
          nicolae_shop_waterfront, shop_fountains, shop, shop,
          hangedman_corner_corridor
Elf:2:    layout_loops_corners, serial_shops, nicolae_shop_stone, uniq_agnes
Elf:3:    elf_hall, layout_geoelf_octagon

Skill      XL: |  1  2  3  4  5  6  7  8  9 10 11 12 13 14 15 16 17 |
---------------+----------------------------------------------------+-----
Unarmed Combat | 3 4 5 6 7 9 10 12 14 15 17 18 19 20 21 | 21.0
Dodging        | 2 3 4 |  4.9
Armour         | 2 3 4 5 6 7 8 9 10 11 | 11.5
Shields        | 1 2 3 4 5 6 7 9 |  9.0
Fighting       | 4 5 6 7 8 9 10 11 12 13 | 13.0
Evocations     | 2 5 7 9 |  9.0
Short Blades   | |  0.4

Action                   |  1- 3 |  4- 6 |  7- 9 | 10-12 | 13-15 | 16-18 || total
-------------------------+-------+-------+-------+-------+-------+-------++-------
Melee: Unarmed           |   120 |    72 |   212 |   671 |   908 |   812 ||  2795
       Punch             |     2 |     3 |     8 |    30 |    80 |       ||   123
       Kick              |       |    17 |    60 |   207 |   388 |   351 ||  1023
       Quick blade       |       |       |       |    16 |       |       ||    16
Invok: Berserk           |     3 |     3 |     7 |    13 |    12 |     8 ||    46
       Trog's Hand       |       |     1 |       |     3 |    11 |     7 ||    22
       Brothers in Arms  |       |       |     3 |     7 |    11 |     6 ||    27
 Abil: Blink             |       |       |       |       |     1 |     7 ||     8
Evoke: Wand              |       |       |       |       |    13 |     2 ||    15
       Box of beasts     |       |       |       |       |       |     1 ||     1
  Use: Potion            |     1 |       |     2 |     1 |     3 |    27 ||    34
       Scroll            |       |     3 |     6 |     1 |    10 |    14 ||    34
 Stab: Sleeping          |     1 |     1 |       |       |       |       ||     2
       Distracted        |       |       |     1 |     3 |    15 |     9 ||    28
       Confused          |       |       |       |     1 |       |       ||     1
Armor: Animal skin       |    32 |       |       |       |       |       ||    32
       Ring mail         |       |    15 |     8 |       |       |       ||    23
       Chain mail        |       |       |   108 |   354 |   489 |   377 ||  1328
       Skin              |       |       |     1 |       |       |       ||     1
Dodge: Dodged            |    89 |    38 |   120 |   254 |   551 |   325 ||  1377
Block: Other             |    17 |    11 |    67 |   140 |   138 |       ||   373
       Reflection        |       |       |     1 |     3 |     4 |    44 ||    52
       Buckler           |       |       |       |       |    87 |   460 ||   547
